 Dungeon Crawl Stone Soup version 0.26-a0-491-g70697cc071 (webtiles) character file.

Game seed: 8038772211780432727

1379 MrRokkomies the Nimble (level 8, -4/38 HPs)
             Began as a Felid Chaos Knight on Aug 5, 2020.
             Was a Plaything of Xom.
             Engulfed by Pikel the fire crab (shapeshifter)'s flame (7 damage)
             ... on level 7 of the Dungeon.
             The game lasted 00:16:08 (8626 turns).

MrRokkomies the Nimble (Felid Chaos Knight)         Turns: 8626, Time: 00:16:08

Health: -4/38      AC:  2    Str:  6    XL:     8   Next: 39%
Magic:  0/9        EV: 24    Int: 21    God:    Xom [......]
Gold:   108        SH:  5    Dex: 16    Spells: 7/7 levels left
                                        Lives:  0   Deaths: 2

rFire    + . .     SeeInvis +     - Unarmed
rCold    + . .     Faith    .   (shield unavailable)
rNeg     . . .     Spirit   .   (armour unavailable)
rPois    .         Reflect  +   (helmet unavailable)
rElec    .         Harm     .   (cloak unavailable)
rCorr    .         Clarity  +   (gloves unavailable)
MR       ++...                  (boots unavailable)
Stlth    ++++......             o - amulet of reflection
HPRegen  0.52/turn              d - +6 ring of intelligence
MPRegen  0.11/turn              x - ring of protection from fire

@: stab, very slightly contaminated, drained, quick
A: very small, no armour, no weapons or thrown items, stealth, claws 1, fangs 3,
see invisible, blink, clarity, cold resistance 1, speed 1, magic resistance 1,
regeneration 1, shaggy fur 2, weak 1, MP-powered wands, sharp paws
a: Blink, Renounce Religion


You were on level 7 of the Dungeon.
You worshipped Xom.
You were a very special plaything of Xom.
You visited 2 branches of the dungeon, and saw 8 of its levels.

You collected 240 gold pieces.
You spent 132 gold pieces at shops.

Inventory:

Jewellery
 d - a +6 ring of intelligence (left paw)
 g - an uncursed ring of protection from cold
 m - an uncursed ring of ice
 o - an amulet of reflection (around neck)
 x - a ring of protection from fire (right paw)
Wands
 q - a wand of iceblast (5)
 s - a wand of random effects (16)
 y - a wand of enslavement (5)
Scrolls
 a - a scroll of summoning {unknown}
 h - 2 scrolls of identify
 l - 4 scrolls of remove curse
 r - a scroll of noise {unknown}
 w - 4 scrolls of teleportation
Potions
 b - 2 potions of haste
 c - a potion of cancellation {unknown}
 e - a potion of might
 f - a potion of brilliance {unknown}
 i - 3 potions of flight
 k - a potion of lignification {unknown}
 n - a potion of mutation {unknown}
 p - a potion of stabbing
 t - 3 potions of ambrosia
 u - 2 potions of magic {unknown}
 v - 2 potions of curing {unknown}


   Skills:
 + Level 5.7(4.5) Fighting
 * Level 9.8(8.5) Dodging
 + Level 6.8(5.6) Stealth
 * Level 7.8(6.5) Unarmed Combat


You had 7 spell levels left.
You didn't know any spells.
Your spell library was empty.

Dungeon Overview and Level Annotations

Branches:
Dungeon (7/15)             Temple (1/1) D:6

Altars:
Cheibriados
Fedhas
Hepliaklqana
Kikubaaqudgha
Okawaru
Qazlal
Sif Muna
Trog
Uskayaw
Vehumet
Wu Jian
Yredelemnul
Zin
The Shining One
Lugonu

Shops:
D:5 *   D:6 =

Annotations:
D:7 Pikel


Innate Abilities, Weirdness & Mutations

You cannot wear armour.
You are incapable of wielding weapons or throwing items.
Your paws allow you to move quietly. (Stealth)
You have sharp claws.
You have razor-sharp teeth.
You have supernaturally acute eyesight. (SInv)
You cover ground quickly.
You are covered in thick fur. (AC +2)
Your sharp claws are effective at attacking unaware monsters.
You can translocate small distances at will.
You possess an exceptional clarity of mind.
Your flesh is cold resistant. (rC+)
You are resistant to hostile enchantments. (MR+)
Your natural rate of healing is unusually fast.
You are weak. (Str -2)
You expend magic power (3 MP) to strengthen your wands.


Message History

The blast of flame engulfs you but does no damage.
You barely miss Pikel.
Pikel is almost dead.
You are engulfed in blazing flames.
You resist. Pikel breathes flames at you. The blast of flame engulfs you.
You resist.
* * * LOW HITPOINT WARNING * * *
You scratch Pikel but do no damage.
Pikel is almost dead.
You are engulfed in blazing flames.
You resist.
* * * LOW HITPOINT WARNING * * *
Pikel breathes flames at you.
The blast of flame engulfs you but does no damage.
Unknown command.
Okay, then.
It was a potion of stabbing.
You feel ready to backstab.
You are engulfed in blazing flames.
You resist.
You die...
Xom howls with laughter!

#..####.# #.# #. #.......# #.# #.
#..###..# #.# #. ####..#
#..#####†# #####.
......###.....##5# #.....
..............##5#### #.###.
......###.....##°5..# #.# #.
.###..# #..#..°°t°°.##### #.# #.
........#......°@°°..>..# #.# #.
..#####....########.###.####.###.
..# #.#### #.# #.......... ..# #.
#.# ####.###### ### # #.# #.#
.☼#### #.# #.# ..#... #.# #.#
.....# #.# #.# ..#. #.# #.#


You could see Pikel the fire crab shaped shifter and 3 lemures.

Vanquished Creatures
  Sigmund (D:2)
  Edmund (D:4)
  A phantom (D:5)
  2 ice beasts
  4 ogres
  5 killer bees (D:7)
  2 centaurs
  2 bullfrogs (D:6)
  A wyvern skeleton (D:6)
  2 scorpions
  A bullfrog zombie (D:6)
  A crimson imp (D:7)
  2 orc priests (D:5)
  4 hounds
  2 iguanas (D:6)
  Ijyb (D:4)
  An orc wizard (D:5)
  3 worker ants
  A hound zombie (D:6)
  A worker ant zombie (D:7)
  3 gnolls (D:5)
  A howler monkey skeleton (D:7)
  8 adders
  2 ufetubi
  An ooze (D:2)
  An adder zombie (D:6)
  A worm (D:2)
  4 dart slugs
  7 leopard geckos
  9 orcs
  6 giant cockroaches
  2 goblins
  6 hobgoblins
  14 jackals
  9 kobolds
  4 ball pythons
  16 bats
  6 frilled lizards
  A jackal skeleton (D:4)
  A quokka skeleton (D:4)
  9 rats
149 creatures vanquished.

Vanquished Creatures (collateral kills)
  A killer bee (D:7)
  A gnoll (D:1)
  A frilled lizard (D:1)
3 creatures vanquished.

Vanquished Creatures (others)
  2 killer bees (D:7)
  A white imp (D:7)
3 creatures vanquished.

Grand Total: 155 creatures vanquished

Notes
Turn   | Place    | Note
-------+----------+-------------------------------------------
     0 | D:1      | MrRokkomies the Felid Chaos Knight began the quest for the
                  | Orb.
     0 | D:1      | Reached XP level 1. HP: 10/10 MP: 2/2
   439 | D:1      | Reached XP level 2. HP: 9/14 MP: 3/3
   464 | D:1      | XOM: noise
   631 | D:1      | Reached skill level 1 in Stealth
   690 | D:1      | XOM: silly message
   741 | D:1      | Reached XP level 3. HP: 4/17 MP: 4/4
  1016 | D:1      | Reached skill level 4 in Dodging
  1149 | D:1      | XOM: torment (9/17 hp)
  1263 | D:1      | XOM is BORED!
  1263 | D:1      | XOM: summons 2 hostile demons
  1570 | D:1      | XOM: stat loss: -1 Dex (14/15)
  1814 | D:1      | XOM: give mutations
  1814 | D:1      | Gained mutation: Your body sometimes deteriorates upon
                  | taking damage. [Xom's mischief]
  1814 | D:1      | Gained mutation: You are weak. (Str -2) [Xom's mischief]
  1814 | D:1      | Gained mutation: You are clumsy. (Dex -2) [Xom's mischief]
  1814 | D:1      | Lost mutation: You are clumsy. (Dex -2) [Xom's mischief]
  2279 | D:1      | XOM: give mutations
  2279 | D:1      | Gained mutation: You tend to lose your temper in combat.
                  | [Xom's mischief]
  2279 | D:1      | Gained mutation: You are frail. (-10% HP) [Xom's mischief]
  2279 | D:1      | Gained mutation: You are very frail. (-20% HP) [Xom's
                  | mischief]
  2682 | D:1      | XOM: stat loss: -1 Dex (13/15)
  3336 | D:1      | XOM: summons 2 hostile demons
  3397 | D:2      | Noticed Sigmund
  3400 | D:2      | Killed Sigmund
  3400 | D:2      | Reached skill level 5 in Dodging
  3400 | D:2      | Reached XP level 4. HP: 17/17 MP: 5/5
  3400 | D:2      | Reached XP level 5. HP: 20/20 MP: 6/6
  3415 | D:2      | Found a shimmering blue altar of Sif Muna.
  3590 | D:2      | XOM: give mutations
  3590 | D:2      | Gained mutation: You can translocate small distances at
                  | will. [Xom's mischief]
  3590 | D:2      | Lost mutation: You tend to lose your temper in combat.
                  | [Xom's mischief]
  3590 | D:2      | Lost mutation: Your body sometimes deteriorates upon taking
                  | damage. [Xom's mischief]
  3791 | D:2      | XOM: summons 4 hostile shadow creatures
  3812 | D:2      | Slain by a worker ant
  3813 | D:2      | Reached XP level 4. HP: -4/17 MP: 5/5
  4052 | D:2      | Reached XP level 5. HP: 20/20 MP: 6/6
  4077 | D:2      | Noticed a centaur
  4081 | D:2      | Killed a centaur
  4185 | D:2      | XOM: noise
  4189 | D:2      | XOM: silly message
  4315 | D:2      | XOM: give mutations
  4315 | D:2      | Lost mutation: You are very frail. (-20% HP) [Xom's
                  | mischief]
  4315 | D:2      | Lost mutation: You are frail. (-10% HP) [Xom's mischief]
  4315 | D:2      | Gained mutation: You are resistant to hostile enchantments.
                  | (MR+) [Xom's mischief]
  4727 | D:3      | XOM: noise
  4890 | D:3      | Reached skill level 6 in Dodging
  4916 | D:3      | Gained mutation: You are covered in thick fur. (AC +2)
                  | [Felid growth]
  4916 | D:3      | Reached XP level 6. HP: 28/28 MP: 7/7
  5064 | D:3      | XOM: polymorph leopard gecko -> jackal
  5065 | D:3      | Reached skill level 5 in Unarmed Combat
  5123 | D:3      | XOM: 7-stop teleportation journey
  5285 | D:4      | XOM: confusion (+ monsters)
  5658 | D:4      | XOM: 7-stop teleportation journey
  5914 | D:4      | Noticed Ijyb
  5926 | D:4      | Killed Ijyb
  5936 | D:4      | XOM: cloud trail
  5964 | D:4      | XOM: 2-stop teleportation journey
  6005 | D:4      | Noticed Edmund
  6013 | D:4      | XOM: 1-stop teleportation journey
  6089 | D:4      | Killed Edmund
  6089 | D:4      | Reached XP level 7. HP: 32/32 MP: 8/8
  6200 | D:5      | Entered Level 5 of the Dungeon
  6212 | D:5      | XOM: give mutation
  6212 | D:5      | Gained mutation: You possess an exceptional clarity of
                  | mind. [Xom's grace]
  6217 | D:5      | XOM: confuse monster(s)
  6220 | D:5      | XOM: butterfly on damage
  6251 | D:5      | Reached skill level 7 in Dodging
  6308 | D:5      | Found a glowing silver altar of Zin.
  6310 | D:5      | XOM is BORED!
  6310 | D:5      | XOM: swap monsters
  6374 | D:5      | XOM: silly message
  6665 | D:4      | XOM: give mutations
  6665 | D:4      | Gained mutation: You expend magic power (3 MP) to
                  | strengthen your wands. [Xom's grace]
  6665 | D:4      | Gained mutation: Your flesh is cold resistant. (rC+) [Xom's
                  | grace]
  6665 | D:4      | Gained mutation: Your natural rate of healing is unusually
                  | fast. [Xom's grace]
  6727 | D:5      | Identified the +8 hand axe of Inflation {vorpal, Dex+3}
  6731 | D:5      | XOM: confuse monster(s)
  6849 | D:5      | Reached skill level 5 in Stealth
  7024 | D:5      | Reached skill level 8 in Dodging
  7024 | D:5      | Reached XP level 8. HP: 36/36 MP: 9/9
  7036 | D:5      | Found Ketowin's Elemental Accessories.
  7042 | D:5      | Bought a wand of iceblast (7) for 132 gold pieces
  7207 | D:6      | XOM: confuse monster(s)
  7237 | D:6      | XOM: enchant monster (good)
  7238 | D:6      | XOM: enchant monster (good)
  7252 | D:6      | Found a basalt altar of Yredelemnul.
  7254 | D:6      | Noticed a profane servitor
  7259 | D:6      | Found a glowing golden altar of the Shining One.
  7261 | D:6      | Noticed an angel
  7295 | D:6      | Found a staircase to the Ecumenical Temple.
  7295 | D:6      | XOM: 4-stop teleportation journey
  7296 | D:6      | Reached skill level 5 in Fighting
  7316 | Temple   | Entered the Ecumenical Temple
  7383 | D:6      | XOM: silly message
  7460 | D:6      | Found a hide-covered altar of Uskayaw.
  7495 | D:6      | Found Pimmes's Jewellery Shop.
  7550 | D:6      | XOM: smoke on damage
  7555 | D:6      | XOM: confuse monster(s)
  7682 | D:6      | XOM: cloud trail
  7835 | D:6      | XOM: smoke on damage
  7845 | D:6      | XOM: silly message
  8124 | D:7      | XOM: noise
  8131 | D:7      | Reached skill level 9 in Dodging
  8132 | D:7      | Noticed a hippogriff
  8152 | D:7      | Slain by a hippogriff
  8153 | D:7      | Reached XP level 7. HP: -4/33 MP: 5/8
  8179 | D:7      | XOM: silly message
  8186 | D:7      | XOM: polymorph lemure -> crimson imp
  8236 | D:7      | Found a stormy altar of Qazlal.
  8268 | D:7      | XOM: potion effect (stabbing)
  8269 | D:7      | XOM: confuse monster(s)
  8274 | D:7      | Noticed Pikel
  8356 | D:7      | Found a hazy altar of Hepliaklqana.
  8365 | D:7      | Found a blossoming altar of Fedhas.
  8380 | D:7      | XOM: swap monsters
  8383 | D:7      | Reached XP level 8. HP: 37/37 MP: 9/9
  8491 | D:7      | XOM: summons 3 hostile shadow creatures
  8497 | D:7      | XOM: swap monsters
  8572 | D:7      | XOM: enchant monster (good)
  8579 | D:7      | XOM: draining
  8582 | D:7      | XOM: fake destruction
  8607 | D:7      | Noticed Pikel
  8607 | D:7      | Pikel changed into Pikel the shapeshifter
  8607 | D:7      | XOM: polymorph Pikel -> Pikel the shapeshifter
  8607 | D:7      | Noticed Pikel
  8607 | D:7      | Pikel the shapeshifter changed into Pikel the fire crab
  8608 | D:7      | XOM: blink monster(s)
  8614 | D:7      | XOM: butterfly on damage
  8626 | D:7      | Engulfed by Pikel the fire crab (shapeshifter)'s flame

Illustrated notes

Levels and vault maps discovered:
D:1:      lemuel_arrival_behind_the_door_small, layout_basic,
          chequers_serial_rivers_room_b, skrybe_limestone_x, minmay_vboxes
D:2:      layout_basic, lemuel_round_altar, uniq_sigmund
D:3:      layout_rooms, roderic_batcave
D:4:      layout_basic, serial_forest, infiniplex_forest_end_2,
          infiniplex_forest_clump_curved, infiniplex_forest_end_2,
          infiniplex_forest_end_3, uniq_edmund, uniq_ijyb
D:5:      layout_rooms, basic_altar, serial_rivers,
          chequers_serial_rivers_room_a, chequers_serial_rivers_micro_e,
          chequers_serial_rivers_micro_b, chequers_serial_rivers_micro_c,
          chequers_serial_rivers_room_b, nicolae_elemental_shop
D:6:      layout_loops_cross, grunt_temple_overflow_holy_war, kennysheep_mini,
          minmay_temple_entry_statues_fountains, serial_shops, shop
D:7:      layout_loops_ring, old_standard_altar, grunt_qazlal_clouds, tgw_xom,
          serial_shops, shop, fedhas_bush_and_centaur_altar, uniq_pikel
Temple:   corrupted_temple

Skill      XL: |  1  2  3  4  5  6  7  8 |
---------------+-------------------------+-----
Stealth        | 1 2 3 4 5 6 |  6.8
Dodging        | 5 6 8 9 |  9.8
Unarmed Combat | 4 5 6 7 |  7.8
Fighting       | 4 5 |  5.7

Action                   |  1- 3 |  4- 6 |  7- 9 || total
-------------------------+-------+-------+-------++-------
Melee: Unarmed           |    96 |   162 |   359 ||   617
       Bite              |     6 |     9 |    22 ||    37
       Punch             |     1 |     3 |    10 ||    14
Evoke: Wand              |     1 |     8 |    10 ||    19
  Use: Scroll            |       |     7 |     8 ||    15
       Potion            |       |     1 |     5 ||     6
 Stab: Sleeping          |     2 |    16 |     9 ||    27
       Distracted        |       |     1 |     1 ||     2
       Confused          |       |       |     2 ||     2
       Petrified         |       |       |     3 ||     3
       Paralysed         |       |       |     1 ||     1
Armor: Skin              |     8 |    10 |    18 ||    36
Dodge: Dodged            |   106 |   133 |   285 ||   524
Block: Other             |       |     9 |    70 ||    79
       Reflection        |       |       |     1 ||     1

Table legend: (Time is in decaauts)
 A = Elapsed time spent in this place.
 B = Non-inter-level travel time spent in this place.
 C = Inter-level travel time spent in this place.
 D = Time resting spent in this place.
 E = Time spent auto-exploring this place.
 F = Levels seen in this place.
 G = Mean time per level.
                   A        B        C        D        E       F      G
               +--------+--------+--------+--------+--------+-----+--------+
         Total |   7706 |   7557 |    149 |   2343 |   3898 |   8 |  963.2 |
       Dungeon |   7673 |   7534 |    139 |   2343 |   3875 |   7 | 1096.1 |
        Temple |     33 |     24 |      9 |      0 |     23 |   1 |   33.0 |
               +--------+--------+--------+--------+--------+-----+--------+

Top non-repeatable levels by time:
     D:1: 3187 daAuts
     D:2: 1127 daAuts
     D:4: 943 daAuts
     D:6: 825 daAuts
     D:5: 759 daAuts
     D:3: 430 daAuts
     D:7: 399 daAuts
  Temple: 33 daAuts
